 Dungeon Crawl Stone Soup version 0.30.1-11-g7821555f0a (webtiles) character file.

Game seed: 11526048849419207668

76 Ijustatesigmund the Conjurer (level 4, 0/42 HPs)
             Began as an Octopode Conjurer on Dec 19, 2023.
             Killed by divine providence
             ... invoked by an orc priest
              (14 damage)
             ... on level 3 of the Dungeon.
             The game lasted 00:04:25 (2344 turns).

Ijustatesigmund the Conjurer (Octopode Conjurer)    Turns: 2344, Time: 00:04:26

Health: 0/42       AC: 22    Str:  6    XL:     4   Next: 32%
Magic:  2/8        EV:  2    Int: 22    God:
Gold:   102        SH:  0    Dex: 10    Spells: 3/8 levels left

rFire   . . .        c - +0 short sword
rCold   . . .        (no shield)
rNeg    . . .        (helmet currently unavailable)
rPois   +            (no amulet)
rElec   .            (no ring)
rCorr   .            (no ring)
SInv    .            (no ring)
Will    .....        (no ring)
Stlth   ++           (no ring)
HPRegen 0.27/turn    (no ring)
MPRegen 0.11/turn    (no ring)
                     (no ring)

%: no passive effects
@: brilliant, tree-form, attractive, studying Maces & Flails
A: stationary, stasis, torment immunity, boosted hp, almost no armour,
(amphibious), 8 rings, (camouflage 1), (gelatinous body 1), (nimble swimmer 1),
(tentacles)
a: no special abilities


You were on level 3 of the Dungeon.
You were a tree.
You visited 1 branch of the dungeon, and saw 3 of its levels.

You collected 102 gold pieces.

Inventory:

Hand Weapons
 c - a +0 short sword (weapon)
Scrolls
 d - a scroll of teleportation {unknown}
 f - a scroll of blinking {unknown}
 g - a scroll of vulnerability {unknown}
 h - 2 scrolls of identify {unknown}
 i - 2 scrolls of summoning {unknown}
 j - a scroll of noise {unknown}
 l - 2 scrolls of fear {unknown}
 n - a scroll of fog {unknown}
Potions
 a - 2 potions of magic


   Skills:
 - Level 1.3 Fighting
 - Level 2.0 Dodging
 - Level 2.6 Stealth
 + Level 2.7 Spellcasting
 + Level 4.5 Conjurations
 + Level 1.1 Air Magic
 + Level 1.2 Poison Magic


You had 3 spell levels left.
You knew the following spells:

 Your Spells              Type           Power      Damage    Failure   Level
a - Magic Dart            Conj           100%       1d8       1%          1
b - Searing Ray           Conj           68%        2d6       3%          2
c - Poisonous Vapours     Pois/Air       24%        N/A       12%         2

Your spell library contained the following spells:

 Spells                   Type           Power      Damage    Failure   Level
 Sting                    Tmut/Pois      32%        1d4       10%         1
 Dazzling Flash           Conj/Hex       38%        N/A       16%         3
 Fulminant Prism          Conj/Hex       9%         3d7       45%         4
 Iskenderun's Mystic Bla  Conj/Tloc      19%        2d6       45%         4
 Olgreb's Toxic Radiance  Pois           12%        N/A       58%         4


Dungeon Overview and Level Annotations

Branches:
Dungeon (3/15)

Altars:

Shops:
D:1 *


Innate Abilities, Weirdness & Mutations

You are a tree.
Your roots penetrate the ground, keeping you stationary.
You cannot be teleported.
You are immune to unholy pain and torment.
Your maximum health is greatly increased.
You cannot wear most types of armour.
((You are amphibious.))
You can wear up to eight rings at the same time.
((Your skin changes colour to match your surroundings (Stealth+).))
((Your rubbery body absorbs attacks. (AC +1, EV +1)))
((You are camouflaged when in or above water. (Stealth+)))
((You have tentacles for arms and can constrict up to eight enemies at once.))


Message History

You grab the orc priest.
The orc priest is moderately wounded.
You constrict the orc priest, but do no damage.
An orc comes into view. It is wielding a +0 hand axe.
The orc priest hits you with a +0 hand axe.
* * * LOW HITPOINT WARNING * * *
It was a potion of brilliance.
You feel clever all of a sudden.
You constrict the orc priest, but do no damage.
The orc priest closely misses you.
It was a potion of attraction.
You feel attractive to monsters.
You constrict the orc priest.
The orc priest hits you with a +0 hand axe!
* * * LOW HITPOINT WARNING * * *
It was a potion of lignification.
You turn into a tree.
Your roots penetrate the ground.
You lose your grip on the orc priest.
The orc priest barely misses you.
It was a potion of curing.
You feel better.
The orc priest miscasts a cantrip.
You hit the orc priest but do no damage.
The orc priest is moderately wounded.
The orc priest hits you but does no damage.
You hit the orc priest but do no damage.
The orc priest is moderately wounded.
The orc priest hits you but does no damage.
You completely miss the orc priest.
The orc priest is moderately wounded.
The orc priest hits you but does no damage.
You hit the orc priest.
The orc priest is severely wounded.
The orc priest hits you but does no damage.
You hit the orc priest but do no damage.
The orc priest is severely wounded.
The orc priest hits you but does no damage.
You hit the orc priest.
The orc priest is almost dead.
The orc priest invokes the aid of Beogh against you.
Beogh smites you!
You die...

#### +.................#
...# ####....###.......##
.<.######....# #........#
....#........###.###....#
#...##..................#
#)...#.....#####.#....###
##.........# #o#......
#.♣...#.....# #o# ....#
#....######.# #♣# .....
#....## .# #.# .#..
#...## # #.# ##.. ....
#.# .<.# #.# ... #.. #..
#.# #.#


You could see an orc priest and an orc.

Vanquished Creatures
  2 adders (D:2)
  3 orcs (D:3)
  7 ball pythons
  5 endoplasms (D:1)
  A giant cockroach (D:1)
  11 goblins
  10 hobgoblins
  2 bats (D:1)
  4 frilled lizards
  A kobold (D:1)
  2 rats
48 creatures vanquished.

Notes
Turn   | Place    | Note
-------+----------+-------------------------------------------
     0 | D:1      | Ijustatesigmund the Octopode Conjurer began the quest for
                  | the Orb.
     0 | D:1      | Reached XP level 1. HP: 11/11 MP: 3/3
   179 | D:1      | Reached XP level 2. HP: 9/18 MP: 1/5
   369 | D:1      | Reached skill level 1 in Fighting
   600 | D:1      | Found Cewaum's Assorted Antiques.
   883 | D:1      | Learned a level 2 spell: Searing Ray
  1156 | D:1      | Reached XP level 3. HP: 23/23 MP: 4/6
  1277 | D:2      | Found a faded altar of an unknown god.
  1427 | D:2      | Learned a level 2 spell: Poisonous Vapours
  2064 | D:2      | Reached skill level 1 in Poison Magic
  2064 | D:2      | Reached XP level 4. HP: 28/28 MP: 2/7
  2256 | D:3      | Reached skill level 1 in Air Magic
  2344 | D:3      | Killed from afar by an orc priest

Illustrated notes

Levels and vault maps discovered:
D:1:      roderic_crossed_star, layout_loops_cross, serial_shops,
          nicolae_shop_back_alley_shop
D:2:      cheibrodos_greedy_goblins, layout_basic,
          nicolae_ecumenical_snake_handling, serial_park_tiny_pond
D:3:      layout_basic, yredelemnul_forgotten_temple_becter,
          amcnicky_mini_rare_corridor_liquid, grunt_ministairs_12, st_stairs_1,
          uniq_terence

Skill      XL: |  1  2  3  4 |
---------------+-------------+-----
Fighting       | 1 |  1.3
Poison Magic   | 1 |  1.2
Air Magic      | 1 |  1.1
Dodging        | |  2.0
Stealth        | |  2.6
Spellcasting   | |  2.7
Conjurations   | |  4.5

Action                     |  1- 3 |  4- 6 || total
---------------------------+-------+-------++-------
  Melee: Unarmed           |     8 |       ||     8
         Constrict         |     3 |     1 ||     4
         Tentacles         |     3 |       ||     3
         Short sword       |     2 |    12 ||    14
         Dagger            |     1 |       ||     1
   Cast: Magic Dart        |    51 |     7 ||    58
         Searing Ray       |     4 |     3 ||     7
    Use: Potion            |       |     4 ||     4
   Stab: Sleeping          |     1 |       ||     1
 Armour: Skin              |     1 |     6 ||     7
  Dodge: Dodged            |    10 |     6 ||    16
